 Dungeon Crawl Stone Soup version 0.25-a0-194-gece12570e2 (webtiles) character file.

Game seed: 1060472569495207681, levelgen mode: deterministic

478881 floatRand the Imperceptible (level 26, -4/213 HPs)
             Began as a Formicid Fighter on Nov 30, 2019.
             Was the Champion of Wu Jian.
             Killed from afar by a fire dragon (10 damage)
             ... with a blast of flame
             ... on level 4 of the Depths.
             The game lasted 02:14:39 (48528 turns).

floatRand the Imperceptible (Formicid Fighter)     Turns: 48528, Time: 02:14:39

Health: -4/213     AC: 30    Str: 44    XL:     26   Next: 36%
Magic:  31/31      EV: 28    Int: 11    God:    Wu Jian [******]
Gold:   2236       SH: 34    Dex: 31    Spells: 31/33 levels left

rFire    + + .     SeeInvis +   J - +7 lajatang "Xobrer" {holy, rF++ Dex+6 Stlth-}
rCold    + + .     Gourm    .   Z - +3 large shield "Duovisch" {+Inv rElec rCorr Int-5}
rNeg     . . .     Faith    .   H - +6 chain mail "Seirraym" {-Tele Str+10 Dex+4 Stlth+}
rPois    +         Spirit   .   (helmet unavailable)
rElec    +         Reflect  +   W - +2 cloak {rPois}
rCorr    +         Harm     .   D - +1 pair of gloves "Teoq" {rC+ Int+4}
MR       +++..                  m - +1 pair of boots of Duck's Teeth {Str+5}
Stlth    ++++++....             O - +5 amulet of reflection
HPRegen  0.45/turn              i - ring "Mucol" {rC+ MR+ Str+4}
MPRegen  0.22/turn              I - ring of Teotu Ahet {rPois Dex+7}

@: no status effects
A: permanent stasis, dig shafts and tunnels, four strong arms, antennae 3
}: 1/15 runes: gossamer
a: Dig, Shaft Self, Wall Jump, Serpent's Lash, Heavenly Storm, Renounce
Religion, Evoke Invisibility


You were on level 4 of the Depths.
You worshipped Wu Jian.
Wu Jian was exalted by your worship.
You were hungry.

You visited 8 branches of the dungeon, and saw 39 of its levels.
You visited 1 bazaar.
You also visited: Sewer and Bailey.

You collected 5845 gold pieces.
You spent 3609 gold pieces at shops.

Inventory:

Hand Weapons
 p - a +3 quarterstaff of electrocution
 J - the +7 lajatang "Xobrer" (weapon) {holy, rF++ Dex+6 Stlth-}
   (You acquired it on level 9 of the Dungeon)

   It has been blessed by the Shining One to cause great damage to the undead
   and demons.
   It affects your dexterity (+6).
   It greatly protects you from fire.
   It makes you less stealthy.
 S - the +4 dagger "Vuseaty" {speed, rElec rPois}
   (You found it on level 11 of the Dungeon)

   Attacks with this weapon are significantly faster.
   It insulates you from electricity.
   It protects you from poison.
Missiles
 l - 26 curare-tipped darts (quivered)
Armour
 m - the +1 pair of boots of Duck's Teeth (worn) {Str+5}
   (You found it on level 3 of the Elven Halls)

   It affects your strength (+5).
 D - the +1 pair of gloves "Teoq" (worn) {rC+ Int+4}
   (You found it on level 1 of the Spider Nest)

   It affects your intelligence (+4).
   It protects you from cold.
 H - the +6 chain mail "Seirraym" (worn) {-Tele Str+10 Dex+4 Stlth+}
   (You bought it in a shop on level 2 of the Elven Halls)

   It affects your strength (+10).
   It affects your dexterity (+4).
   It prevents most forms of teleportation.
   It makes you more stealthy.
 T - +6 pearl dragon scales
 W - a +2 cloak of poison resistance (worn)
 Z - the +3 large shield "Duovisch" (worn) {+Inv rElec rCorr Int-5}
   (You acquired it on level 3 of the Depths)

   It affects your intelligence (-5).
   It insulates you from electricity.
   It lets you turn invisible.
   It provides partial protection from all sources of acid and corrosion.
Jewellery
 e - an uncursed ring of resist corrosion
 i - the ring "Mucol" (left hand) {rC+ MR+ Str+4}
   (You found it on level 7 of the Dungeon)

   [ring of protection from cold]

   It affects your strength (+4).
   It protects you from cold.
   It affects your resistance to hostile enchantments.
 A - an uncursed ring of protection from fire
 F - an uncursed amulet of magic regeneration {unknown}
 I - the ring of Teotu Ahet (right hand) {rPois Dex+7}
   (You bought it in a shop in a bazaar)

   [ring of poison resistance]

   It affects your dexterity (+7).
   It protects you from poison.
 N - the ring of Due Proportion {rC+ rN+}
   (You found it on level 6 of the Lair of Beasts)

   [ring of protection from cold]

   It protects you from cold.
   It protects you from negative energy.
 O - a +5 amulet of reflection (around neck)
 Q - an uncursed ring of protection from magic
Wands
 b - a wand of iceblast (34)
 j - a wand of paralysis (17)
 y - a wand of disintegration (11)
 B - a wand of polymorph (10)
 C - a wand of acid (12)
 G - a wand of clouds (2)
 L - a wand of digging (21)
 R - a wand of enslavement (11)
 X - a wand of scattershot (2)
Scrolls
 q - a scroll of amnesia
 v - 19 scrolls of remove curse
 w - 4 scrolls of enchant weapon
 x - a scroll of silence
 z - 4 scrolls of magic mapping
 M - 6 scrolls of fear
 P - a scroll of enchant armour
 U - a scroll of fog
 V - 6 scrolls of identify
 Y - 2 scrolls of brand weapon
Potions
 a - 9 potions of ambrosia
 d - 2 potions of might
 g - 4 potions of heal wounds
 h - 11 potions of flight
 k - 3 potions of magic
 n - 4 potions of resistance
 o - 6 potions of lignification
 s - 4 potions of invisibility
 t - 10 potions of agility
 u - 18 potions of curing
 E - 8 potions of mutation
 K - 4 potions of brilliance
Comestibles
 f - 46 rations


   Skills:
 + Level 18.4 Fighting
   Level 3.6 Axes
 - Level 14.1 Staves
 + Level 18.3 Armour
 + Level 16.3 Dodging
 + Level 22.3 Stealth
 + Level 14.8 Shields
 - Level 4.0 Spellcasting
 - Level 12.3 Charms
 - Level 4.0 Air Magic
 - Level 10.7 Evocations


You had 31 spell levels left.
You knew the following spells:

 Your Spells              Type           Power        Failure   Level  Hunger
a - Swiftness             Chrm/Air       ###.....     2%          2    ##.....

Your spell library contained the following spells:

 Spells                   Type           Power        Failure   Level  Hunger
 Ozocubu's Armour         Chrm/Ice       ###.....     12%         3    ###....
 Shock                    Conj/Air       #...         22%         1    #......
 Poisonous Vapours        Pois/Air       #.....       32%         2    ##.....
 Beastly Appendage        Tmut           #.....       45%         1    #......
 Confusing Touch          Hex            #.....       45%         1    #......
 Corona                   Hex            #......      45%         1    #......
 Flame Tongue             Conj/Fire      #....        45%         1    #......
 Freeze                   Ice            #...         45%         1    #......
 Magic Dart               Conj           #...         45%         1    #......
 Sandblast                Erth           #.....       45%         1    #......
 Static Discharge         Conj/Air       #.......     54%         3    ###....
 Corpse Rot               Necr           N/A          58%         2    ##.....
 Ensorcelled Hibernation  Hex/Ice        #.....       58%         2    ##.....
 Passwall                 Tmut/Erth      #.......     58%         2    ##.....
 Searing Ray              Conj           #.....       58%         2    ##.....
 Sticks to Snakes         Tmut           #.......     58%         2    ##.....
 Sublimation of Blood     Necr           #.........   58%         2    ##.....
 Throw Flame              Conj/Fire      #.....       58%         2    ##.....
 Throw Frost              Conj/Ice       #.....       58%         2    ##.....
 Airstrike                Air            ##........   67%         4    #####..
 Excruciating Wounds      Chrm/Necr      ###.......   73%         5    ######.
 Confuse                  Hex            #.......     83%         3    ###....
 Conjure Flame            Conj/Fire      #.......     83%         3    ###....
 Dazzling Spray           Conj/Hex       #.....       83%         3    ###....
 Gell's Gravitas          Tloc           #.........   83%         3    ###....
 Ignite Poison            Fire/Tmut/Pois #.......     83%         3    ###....
 Inner Flame              Hex/Fire       #.......     83%         3    ###....
 Spider Form              Tmut/Pois      #.........   83%         3    ###....
 Stone Arrow              Conj/Erth      #.....       83%         3    ###....
 Tukima's Dance           Hex            #.......     83%         3    ###....
 Force Lance              Conj/Tloc      #.......     99%         4    #####..
 Fulminant Prism          Conj/Hex       #.........   99%         4    #####..
 Ice Form                 Ice/Tmut       #.......     99%         4    #####..
 Iskenderun's Mystic Bla  Conj           #.......     99%         4    #####..
 Leda's Liquefaction      Hex/Erth       #.........   99%         4    #####..
 Petrify                  Tmut/Erth      #.......     99%         4    #####..
 Sticky Flame             Conj/Fire      #.......     99%         4    #####..
 Summon Ice Beast         Ice/Summ       #.......     99%         4    #####..
 Throw Icicle             Conj/Ice       #.......     99%         4    #####..
 Lightning Bolt           Conj/Air       #.........   99%         5    ######.
 Agony                    Necr           #.......     100%        5    ######.
 Alistair's Intoxication  Tmut/Pois      #.......     100%        5    ######.
 Blade Hands              Tmut           #.........   100%        5    ######.
 Bolt of Draining         Conj/Necr      #.........   100%        5    ######.
 Bolt of Magma            Conj/Fire/Erth #.........   100%        5    ######.
 Dispel Undead            Necr           #.......     100%        5    ######.
 Fireball                 Conj/Fire      #.........   100%        5    ######.
 Irradiate                Conj/Tmut      #.........   100%        5    ######.
 Lee's Rapid Deconstruct  Erth           #.........   100%        5    ######.
 Metabolic Englaciation   Hex/Ice        #.........   100%        5    ######.
 Yara's Violent Unravell  Hex/Tmut       #.........   100%        5    ######.
 Conjure Ball Lightning   Conj/Air       #.........   100%        6    #######
 Freezing Cloud           Conj/Ice/Air   #.........   100%        6    #######
 Iron Shot                Conj/Erth      #.........   100%        6    #######
 Simulacrum               Ice/Necr       #.........   100%        6    #######
 Statue Form              Tmut/Erth      #........    100%        6    #######
 Shatter                  Erth           #.........   100%        9    #######


Dungeon Overview and Level Annotations

Branches:
Dungeon (15/15)            Temple (1/1) D:5            Lair (6/6) D:9
 Shoals (0/4) Lair:3       Spider (4/4) Lair:3        Slime (0/5) Lair:6
    Orc (2/2) D:10            Elf (3/3) Orc:2        Vaults (4/5) D:13
  Crypt (0/3) Vaults:2     Depths (4/5) D:15          Sewer (visited)
 Bailey (visited)

Altars:
Ashenzari
Cheibriados
Dithmenos
Elyvilon
Fedhas
Gozag
Hepliaklqana
Kikubaaqudgha
Makhleb
Nemelex Xobeh
Okawaru
Qazlal
Ru
Trog
Uskayaw
Vehumet
Wu Jian
Xom
Yredelemnul
Zin
The Shining One
Jiyva

Shops:
D:8 :   D:14 *[   D:15 *   Orc:2 *[!!:   Elf:1 :   Elf:2 [   Elf:3 ?
Vaults:2 [   Vaults:3 [

Portals:
Hell: Depths:1 Depths:2 Depths:3 Depths:4
Abyss: Depths:3
Pandemonium: Depths:3
Ziggurat: Depths:3
Trove: Vaults:1 (show abyssal rune of Zot)

Annotations:
D:6 1 runed translucent door, Crazy Yiuf
D:7 with this luck
D:8 *vomit*
D:9 Well, living dangerous was worth it
D:11 HAHAHAH
Lair:1 my personal revenge on moccasins, exclusion: 3 oklob plants
Lair:2 you don't want to melee sonja with distort weapon
Lair:4 are you serious right now
Elf:2 STRONKER
Elf:3 WORST LAYOUT
Vaults:2 HELLO
Depths:2 3 runed translucent doors, mortelune's ghost, legendary MiBe
Depths:4 Xtahua


Innate Abilities, Weirdness & Mutations

You cannot be hasted, slowed, berserked, paralysed or teleported.
You can dig through walls and to a lower floor.
Your four strong arms can wield two-handed weapons with a shield.
You have a pair of large antennae on your head. (SInv)


Message History

* * * LOW HITPOINT WARNING * * *
The spriggan air mage waves its arms in wide circles.
The air twists around and strikes you!
* * * LOW HITPOINT WARNING * * *
You block the fire dragon's attack. x2; The fire dragon completely misses you.
The yaktaur shoots a bolt.
The bolt misses you.
The bolt hits the fire dragon.
The yaktaur shoots a bolt.
The bolt hits your yaktaur captain. You block the spark wasp's attack.
You block Xtahua's attack. Xtahua completely misses you.
You block Xtahua's attack.
The purple very ugly thing bites your yaktaur captain!
The spriggan air mage waves its arms in wide circles.
The air twists around and strikes you.
Unknown command.
You hit the spectral swamp worm.
The spectral swamp worm convulses.
The spectral swamp worm is lightly damaged.
You block the spark wasp's attack.
You block the spectral swamp worm's attack.
The fire dragon breathes flames at you. The blast of flame hits you!
You resist.
You die...

≈≈≈≈,∩.T≈T≈.* ####.....,,,,,,,,
≈≈≈≈≈.≈≈T≈≈.* ###..#.§≈..,,,,*,,,
≈≈≈≈≈T≈≈≈≈≈.#*#.#........,,,,,,,,
≈≈≈≈≈≈≈≈≈≈≈..##.#....≈..§.......#
*≈≈≈≈≈≈≈≈≈..........≈..≈§...§....
,,≈≈≈≈≈Z≈##.##...............§...
,,,**,*#{.##†.ZiZ............≈...
,,,,,..#...#..iDDy...............
,,,,,.......Z..Z@.†).............
,,,,,..........Z.................
,,,,,≈§.......†..c.............).
,,*,,.§.........†.u☼...........[(
*,*,,...#####..(..c...(..≈§....§≈
,,*,,...***#O.D.≈.......≈§§.....≈
,,,,,#.,,,*#.....c..§...≈≈§....()
,***,*,,,!......≈≈≈....$≈≈≈......
,,,,,*,,..§≈...≈.$≈.○(...........


You could see Xtahua, a purple very ugly thing, 2 fire dragons, a spark wasp, an
ogre mage, 2 spriggan air magi, 2 yaktaurs, 5 spectral swamp worms and a
friendly yaktaur captain.

Vanquished Creatures
  An ancient lich (Depths:3)
  Mara (Spider:3)
  Sojobo (Vaults:2)
  Margery (Depths:3)
  A caustic shrike (Depths:3)
  Nikola (Spider:1)
  Jory (Vaults:2)
  Arachne (Spider:2)
  2 tentacled monstrosities (Depths:3)
  A lich (Vaults:2)
  A quicksilver dragon (Depths:4)
  2 deep elf blademasters (Elf:3)
  A titan (Depths:3)
  A sphinx (Depths:3)
  A storm dragon (Depths:3)
  4 tengu reavers
  Roxanne (Spider:4)
  2 frost giants
  9 vault wardens
  Louise (Spider:1)
  2 orc warlords
  An iron dragon (Depths:3)
  A fire giant (Vaults:4)
  2 juggernaut zombies (Depths:3)
  Aizul (Vaults:2)
  7 deep elf sorcerers
  The ghost of Slobodan the Fighter, a journeyman OgWz of Hepliaklqana (Orc:1)
  3 emperor scorpions (Spider:4)
  5 ghost moths
  4 deep elf elementalists
  15 ironheart preservers
  A ghost moth (shapeshifter) (Depths:3)
  A caustic shrike skeleton (Depths:3)
  8 entropy weavers
  A draconian annihilator (Depths:3)
  11 very ugly things
  12 stone giants
  2 vampire knights
  7 deep elf demonologists
  A minotaur (shapeshifter) (Depths:3)
  Azrael (Spider:3)
  7 spark wasps
  14 deep elf annihilators
  11 ettins
  9 deep elf death magi
  2 jiangshi (Depths:1)
  Snorg (Lair:3)
  7 fire dragons
  4 deep elf high priests
  8 great orbs of eyes
  14 vault guards
  8 yaktaur captains
  18 ogre magi
  3 rakshasas
  4 ice dragons
  7 hydras
  5 spriggan air magi
  9 centaur warriors
  A death knight (Vaults:2)
  11 deep troll shamans
  46 two-headed ogres
  6 spriggan berserkers
  3 death yaks (Lair:6)
  5 vampire magi
  2 hell hogs (Depths:1)
  14 dancing weapons
  5 deep troll earth magi
  4 tengu warriors
  Sonja (Lair:2)
  An orc high priest (Orc:1)
  7 hell knights (Depths:3)
  21 deep elf knights
  15 spriggans
  2 fire crabs (shapeshifter)
  4 shadow wraiths
  3 iron trolls (Depths:1)
  2 glowing orange brains
  A spark wasp zombie (Depths:3)
  4 skeletal warriors
  3 flayed ghosts
  17 deep trolls
  6 unseen horrors
  A phantasmal warrior (D:15)
  22 deep elf archers
  8 wizards
  Pikel (D:6)
  4 harpies (Vaults:4)
  12 orc knights
  81 deep elf magi
  2 orc sorcerers (Orc:1)
  7 ironbrand convokers
  7 necromancers
  A shadow dragon skeleton (D:15)
  12 orb spiders
  47 ugly things
  A frost giant zombie (Vaults:4)
  A stone giant zombie (Vaults:4)
  11 cyclopes
  A wolf spider zombie (D:15)
  An oklob plant (Lair:1)
  36 wolf spiders
  A human zombie (Vaults:4)
  2 centaur zombies (D:10)
  10 elephants
  2 moths of wrath (shapeshifter) (Depths:3)
  A guardian serpent (shapeshifter) (Vaults:3)
  7 black mambas
  4 torpor snails
  A gargoyle (D:12)
  9 spiny frogs
  12 vault sentinels
  A spiny frog (shapeshifter) (Vaults:4)
  2 yaktaur zombies
  4 rime drakes
  4 freezing wraiths
  43 yaktaurs
  16 demonic crawlers
  8 komodo dragons
  A human skeleton (Vaults:1)
  An elf skeleton (D:15)
  5 guardian mummies
  A komodo dragon (shapeshifter) (Vaults:3)
  A troll (shapeshifter) (Vaults:3)
  2 tengu conjurers
  A wind drake (shapeshifter) (Depths:3)
  A merfolk (shapeshifter) (Depths:1)
  3 polar bears
  14 trolls
  35 jumping spiders
  A shadow dragon simulacrum (Vaults:4)
  Prince Ribbit (D:6)
  A deep troll zombie (D:15)
  8 hippogriffs
  Grinder (Sewer)
  A raiju (shapeshifter) (Vaults:3)
  21 blink frogs
  16 slime creatures
  7 dream sheep
  17 hornets
  A hippogriff (shapeshifter) (Depths:3)
  3 air elementals
  75 redbacks
  A redback (shapeshifter) (Vaults:4)
  3 water elementals
  4 shadows
  30 tarantellas
  A yak (shapeshifter) (Depths:3)
  2 wyverns
  A human (shapeshifter) (Elf:3)
  61 yaks
  4 fire elementals
  2 hungry ghosts
  A basilisk (Lair:5)
  7 vampire mosquitoes
  2 swamp worms (shapeshifter)
  15 water moccasins
  A two-headed ogre zombie (D:10)
  11 wargs
  8 hell hounds
  2 soldier ants (shapeshifter)
  4 acid dragons
  A floating eye (Depths:4)
  8 porcupines
  7 phantoms
  A black bear (shapeshifter) (Vaults:3)
  35 orc warriors
  8 ice beasts
  8 sky beasts
  A slave (D:6)
  8 black bears
  3 eyes of draining
  65 ogres
  18 boggarts
  24 wolves
  42 centaurs
  15 crocodiles
  5 big kobolds
  Blork the orc (D:5)
  17 bullfrogs
  A wyvern zombie (D:12)
  An earth elemental (Elf:1)
  2 elf simulacra (Vaults:1)
  2 scorpions
  A water moccasin skeleton (D:5)
  2 human simulacra
  3 wights (D:9)
  2 electric eels (Lair:1)
  3 howler monkeys (D:7)
  A bullfrog zombie (D:11)
  11 crimson imps
  A gnoll shaman (D:5)
  14 hounds
  2 quasits
  2 bullfrog skeletons
  16 orc priests
  7 jellies
  23 orc wizards
  2 centaur skeletons
  Natasha (thrice) (D:4)
  8 iguanas
  10 worker ants
  2 big kobold zombies (Sewer)
  7 ogre zombies (D:10)
  A bullfrog simulacrum (D:7)
  A hound zombie (D:7)
  A hound skeleton (D:4)
  4 mummies (Depths:1)
  13 adders
  14 gnolls
  A howler monkey skeleton (D:6)
  A river rat (D:3)
  4 shadow imps
  A white imp (Depths:2)
  An ufetubus (Sewer)
  2 oozes
  An adder skeleton (D:9)
  2 adder zombies
  4 worms
  A dart slug (D:1)
  8 leopard geckos
  94 orcs
  9 bats
  A bat zombie (Sewer)
  8 giant cockroaches
  11 goblins
  6 hobgoblins
  10 jackals
  31 kobolds
  6 quokkas
  5 ball pythons
  2 goblin skeletons (D:10)
  3 goblin zombies (D:10)
  2 hobgoblin skeletons (D:10)
  2 hobgoblin zombies (D:10)
  A kobold zombie (Sewer)
  A leopard gecko skeleton (D:5)
  2 orc skeletons (D:10)
  14 orc zombies (D:10)
  10 rats
  A butterfly (Lair:4)
  2 crawling corpses (Elf:3)
  A plant (Lair:5)
1872 creatures vanquished.

Vanquished Creatures (collateral kills)
  3 very ugly things (Depths:4)
  A spark wasp (Depths:4)
  A spriggan berserker (Depths:4)
  A glowing orange brain (Depths:4)
  An ugly thing (Depths:4)
  A plant (Lair:5)
8 creatures vanquished.

Vanquished Creatures (others)
  2 deep elf master archers (Elf:3)
  A spark wasp (Spider:3)
  3 yaktaur captains
  3 centaur warriors
  A dancing weapon (Elf:2)
  A deep elf knight (Elf:2)
  An unseen horror (shapeshifter) (Depths:4)
  3 deep elf archers
  2 deep elf magi
  An orb spider (Spider:3)
  A cyclops (Orc:2)
  7 yaktaurs
  A redback (Spider:3)
  2 slaves (D:7)
  6 centaurs
  A hound (D:14)
  3 orc wizards
  An adder zombie (Sewer)
  An adder skeleton (D:7)
  An orc (Vaults:1)
  2 kobolds (Bailey)
  A bush (Lair:2)
  4 fungi
  12 plants
61 creatures vanquished.

Grand Total: 1941 creatures vanquished

Notes
Turn   | Place    | Note
-------+----------+-------------------------------------------
     0 | D:1      | floatRand the Formicid Fighter began the quest for the Orb.
     0 | D:1      | Reached XP level 1. HP: 18/18 MP: 1/1
   178 | D:1      | Reached XP level 2. HP: 18/24 MP: 2/2
   320 | D:1      | Reached XP level 3. HP: 26/29 MP: 3/3
   394 | D:1      | You fall into a shaft and drop 1 floor!
   619 | D:2      | Reached XP level 4. HP: 17/35 MP: 4/4
   938 | D:1      | Reached skill level 5 in Shields
  1574 | D:2      | Reached XP level 5. HP: 25/41 MP: 5/5
  2296 | D:3      | Noticed a centaur
  2308 | D:3      | Killed a centaur
  2308 | D:3      | Reached XP level 6. HP: 20/48 MP: 6/6
  2555 | D:3      | Found a glowing drain.
  2590 | Sewer    | Entered a sewer
  2726 | Sewer    | Reached skill level 1 in Staves
  2771 | Sewer    | Found a burning altar of Makhleb.
  2791 | Sewer    | Reached XP level 7. HP: 47/55 MP: 7/7
  2820 | Sewer    | Reached skill level 5 in Fighting
  2855 | Sewer    | Noticed Grinder
  2889 | Sewer    | Killed Grinder
  3270 | D:4      | Found a hazy altar of Hepliaklqana.
  3317 | D:4      | Reached XP level 8. HP: 60/64 MP: 8/8
  3638 | D:4      | Noticed Natasha
  3649 | D:4      | Killed Natasha
  3810 | D:4      | Noticed Natasha
  3820 | D:4      | Killed Natasha
  4244 | D:4      | Noticed Natasha
  4252 | D:4      | Killed Natasha
  4422 | D:5      | Entered Level 5 of the Dungeon
  4478 | D:5      | Reached XP level 9. HP: 71/71 MP: 9/9
  4688 | D:5      | Reached skill level 5 in Staves
  4799 | D:5      | Found a staircase to the Ecumenical Temple.
  4826 | Temple   | Entered the Ecumenical Temple
  4886 | Temple   | Became a worshipper of the Wu Jian Council
  5562 | D:6      | Noticed Blork the orc
  5595 | D:5      | Killed Blork the orc
  5595 | D:5      | Reached * piety under Wu Jian
  5714 | D:6      | Found a runed translucent door.
  5715 | D:6      | Noticed Crazy Yiuf
  5785 | D:6      | Found a blossoming altar of Fedhas.
  5971 | D:6      | Reached skill level 1 in Stealth
  5992 | D:6      | Found a shattered altar of Ashenzari.
  5996 | D:6      | Found a glowing silver altar of Zin.
  5996 | D:6      | Found a stormy altar of Qazlal.
  6100 | D:7      | Noticed Prince Ribbit
  6118 | D:7      | Noticed Pikel
  6130 | D:6      | Paralysed by fainting for 5 turns
  6136 | D:6      | Reached skill level 2 in Stealth
  6136 | D:6      | Reached skill level 1 in Evocations
  6136 | D:6      | Reached XP level 10. HP: 64/82 MP: 10/10
  6269 | D:6      | Killed Pikel
  6269 | D:6      | Reached skill level 4 in Stealth
  6285 | D:6      | Killed Prince Ribbit
  6285 | D:6      | Reached skill level 5 in Stealth
  6427 | D:7      | Reached skill level 6 in Stealth
  6844 | D:7      | Found a runed translucent door.
  6867 | D:7      | Reached ** piety under Wu Jian
  6940 | D:7      | Got a transparent lead ring
  6941 | D:7      | Identified the ring of Gimey {Fire rPois rN+ Str-2 Dex+2}
                  | (You found it on level 7 of the Dungeon)
  6943 | D:7      | Noticed a brown ugly thing
  6944 | D:7      | Got a twitching iron ring
  6955 | D:7      | Killed a brown ugly thing
  6955 | D:7      | Reached skill level 7 in Stealth
  6973 | D:7      | Got a shimmering brass ring
  6976 | D:7      | Got a brightly glowing ivory amulet
  7204 | D:8      | Reached skill level 8 in Stealth
  7224 | D:8      | Reached XP level 11. HP: 87/87 MP: 14/14
  7253 | D:8      | Identified the amulet of Luotot {Harm *Contam *Drain rPois
                  | Int+2 SInv} (You found it on level 7 of the Dungeon)
  7255 | D:8      | Identified the ring of the Final Decision {Ice *Slow rN+
                  | Int+3} (You found it on level 7 of the Dungeon)
  7294 | D:8      | Found Zururaps's Book Boutique.
  7401 | D:8      | Reached skill level 5 in Evocations
  7586 | D:8      | Found a glowing golden altar of the Shining One.
  7593 | D:8      | Noticed an angel
  7605 | D:8      | Found a basalt altar of Yredelemnul.
  7607 | D:8      | Noticed a profane servitor
  7688 | D:9      | Noticed a two-headed ogre
  7867 | D:9      | Identified a scroll of acquirement
  7870 | D:9      | Got a fine lajatang
  7937 | D:9      | Noticed a two-headed ogre
  7949 | D:9      | Killed a two-headed ogre
  7949 | D:9      | Reached skill level 5 in Armour
  7949 | D:9      | Reached skill level 9 in Stealth
  8199 | D:9      | Reached *** piety under Wu Jian
  8306 | D:9      | Found a staircase to the Lair.
  8712 | D:9      | Killed a two-headed ogre
  9003 | D:9      | Identified the +7 lajatang "Xobrer" {holy, rF++ Dex+6
                  | Stlth-} (You acquired it on level 9 of the Dungeon)
  9016 | D:10     | Entered Level 10 of the Dungeon
  9160 | D:10     | Reached **** piety under Wu Jian
  9210 | D:10     | Reached skill level 1 in Dodging
  9210 | D:10     | Reached skill level 10 in Stealth
  9210 | D:10     | Reached XP level 12. HP: 94/94 MP: 17/17
  9274 | D:10     | Found a staircase to the Orcish Mines.
  9314 | D:10     | Noticed an unseen horror
  9320 | D:10     | Killed an unseen horror
  9610 | D:10     | Identified the ring "Mucol" {rC+ MR+ Str+4} (You found it
                  | on level 7 of the Dungeon)
  9768 | D:10     | Noticed a two-headed ogre
  9787 | D:10     | Reached ***** piety under Wu Jian
  9789 | D:10     | Killed a two-headed ogre
  9789 | D:10     | Reached skill level 10 in Staves
 10011 | D:11     | Found a flickering gateway to a bazaar.
 10029 | Bazaar   | Entered a bazaar
 10041 | Bazaar   | Found Cafut's Assorted Antiques.
 10042 | Bazaar   | Found Cof Ompu's Assorted Antiques.
 10077 | Bazaar   | Found Unnarcha's Antique Weapon Shoppe.
 10077 | Bazaar   | Found Ynorphot's Jewellery Shoppe.
 10095 | Bazaar   | Bought the ring of Teotu Ahet {rPois Dex+7} for 375 gold
                  | pieces
 10095 | Bazaar   | Bought a +5 amulet of reflection for 370 gold pieces
 10118 | Bazaar   | Bought a scroll of identify for 68 gold pieces
 10118 | Bazaar   | Bought a potion of might for 136 gold pieces
 10132 | Bazaar   | Bought a scroll of identify for 50 gold pieces
 10132 | Bazaar   | Bought a scroll of identify for 50 gold pieces
 10150 | D:11     | Reached skill level 5 in Dodging
 10150 | D:11     | Reached XP level 13. HP: 99/99 MP: 18/18
 10484 | D:11     | Got a fine dagger
 10821 | Lair:1   | Entered Level 1 of the Lair of Beasts
 10936 | Lair:1   | Identified the +4 dagger "Vuseaty" {speed, rElec rPois}
                  | (You found it on level 11 of the Dungeon)
 10971 | Lair:1   | You fall into a shaft and drop 1 floor!
 11029 | Lair:1   | Noticed a seven-headed hydra
 11048 | Lair:1   | Killed a seven-headed hydra
 11155 | Lair:1   | Reached skill level 11 in Stealth
 11579 | Lair:2   | Noticed Sonja
 11587 | Lair:2   | Killed Sonja
 11834 | Lair:2   | Reached XP level 14. HP: 72/106 MP: 20/20
 12342 | Lair:3   | Found a staircase to the Shoals.
 12735 | Lair:3   | Found a hole to the Spider Nest.
 12934 | Lair:3   | Noticed Snorg
 12945 | Lair:3   | Killed Snorg
 13291 | Lair:4   | Reached ****** piety under Wu Jian
 13291 | Lair:4   | Reached skill level 12 in Stealth
 14414 | Lair:5   | Reached XP level 15. HP: 112/112 MP: 22/22
 14682 | Lair:6   | Entered Level 6 of the Lair of Beasts
 14752 | Lair:6   | Reached skill level 10 in Evocations
 14968 | Lair:6   | Got a brightly glowing amber ring
 14972 | Lair:6   | Identified the ring of Due Proportion {rC+ rN+} (You found
                  | it on level 6 of the Lair of Beasts)
 15229 | Lair:6   | Reached skill level 13 in Stealth
 15308 | Lair:6   | Reached skill level 10 in Armour
 15453 | Lair:6   | Found a viscous altar of Jiyva.
 15454 | Lair:6   | Found a staircase to the Slime Pits.
 16841 | D:12     | Learned a level 2 spell: Swiftness
 17477 | D:13     | Reached XP level 16. HP: 120/120 MP: 24/24
 17560 | D:13     | Found a gate to the Vaults.
 17593 | D:13     | Reached skill level 1 in Charms
 17598 | D:13     | Reached skill level 1 in Air Magic
 17616 | D:13     | Reached skill level 14 in Stealth
 18250 | D:14     | Found Zyarph's General Store.
 18267 | D:14     | Bought a potion of curing for 33 gold pieces
 18267 | D:14     | Bought a potion of heal wounds for 55 gold pieces
 18267 | D:14     | Bought a potion of curing for 33 gold pieces
 18309 | D:14     | Reached skill level 10 in Fighting
 18479 | D:14     | Found Ychep's Armour Shop.
 18482 | D:14     | Found a flagged portal.
 18504 | Bailey   | Entered a bailey
 18589 | Bailey   | Found a runed translucent gate.
 18590 | Bailey   | Found a runed translucent gate.
 18592 | Bailey   | Found a runed translucent gate.
 18694 | Bailey   | Reached XP level 17. HP: 129/129 MP: 25/25
 18695 | Bailey   | Reached skill level 10 in Dodging
 18695 | Bailey   | Reached XP level 18. HP: 136/136 MP: 26/26
 18708 | D:14     | Found a glowing silver altar of Zin.
 18771 | D:15     | Entered Level 15 of the Dungeon
 18792 | D:15     | Got a shimmering ruby amulet
 18802 | D:15     | Reached skill level 15 in Stealth
 18803 | D:15     | Identified the amulet "Seenaf" {*Corrode +Rage rElec rN+
                  | Int+2} (You found it on level 15 of the Dungeon)
 18854 | D:15     | Reached skill level 5 in Charms
 18974 | D:15     | Found Noskoc's Assorted Antiques.
 19011 | D:15     | Identified the cursed +0 trident of Extremism {pierce, +Fly
                  | Str+4 SInv}
 19131 | D:15     | Found a staircase to the Depths.
 19461 | Orc:1    | Entered Level 1 of the Orcish Mines
 19642 | Orc:1    | Found a runed translucent door.
 19642 | Orc:1    | Noticed Slobodan's ghost (journeyman OgWz)
 19665 | Orc:1    | Killed Slobodan's ghost
 20064 | Orc:2    | Entered Level 2 of the Orcish Mines
 20079 | Orc:2    | Reached skill level 1 in Spellcasting
 20287 | Orc:2    | Found a staircase to the Elven Halls.
 20352 | Orc:2    | Found Vobodus's General Store.
 20518 | Orc:2    | Found Keoclir's Armour Shoppe.
 20619 | Orc:2    | Reached XP level 19. HP: 129/144 MP: 27/27
 21039 | Orc:2    | Found Hyhaoch's Distillery.
 21064 | Orc:2    | Found Luag's Book Boutique.
 21098 | Orc:2    | Found Vixt's Distillery.
 21196 | Orc:2    | Bought 2 potions of heal wounds for 120 gold pieces
 21196 | Orc:2    | Bought a potion of mutation for 96 gold pieces
 21196 | Orc:2    | Bought a potion of heal wounds for 60 gold pieces
 21196 | Orc:2    | Bought a potion of curing for 36 gold pieces
 21196 | Orc:2    | Bought a potion of heal wounds for 60 gold pieces
 21207 | Orc:2    | Bought a potion of mutation for 136 gold pieces
 21207 | Orc:2    | Bought a potion of curing for 51 gold pieces
 21207 | Orc:2    | Bought a potion of heal wounds for 85 gold pieces
 21207 | Orc:2    | Bought a potion of curing for 51 gold pieces
 21207 | Orc:2    | Bought a potion of curing for 51 gold pieces
 21207 | Orc:2    | Bought a potion of curing for 51 gold pieces
 21207 | Orc:2    | Bought a potion of curing for 51 gold pieces
 21207 | Orc:2    | Bought a potion of mutation for 136 gold pieces
 21207 | Orc:2    | Bought 2 potions of curing for 102 gold pieces
 21429 | Orc:2    | Upgraded the game from 0.25-a0-189-gf71692caf1 to
                  | 0.25-a0-194-gece12570e2
 21598 | Spider:1 | Entered Level 1 of the Spider Nest
 21836 | Spider:1 | Noticed Louise
 21859 | Spider:1 | Killed Louise
 22146 | Spider:1 | Noticed Nikola
 22357 | Spider:1 | Killed Nikola
 22357 | Spider:1 | Reached skill level 16 in Stealth
 22511 | Spider:1 | Identified the +1 pair of gloves "Teoq" {rC+ Int+4} (You
                  | found it on level 1 of the Spider Nest)
 23241 | Spider:2 | Noticed Arachne
 23263 | Spider:2 | Killed Arachne
 23954 | Spider:3 | Noticed Mara
 24164 | Spider:3 | Noticed floatRand's illusion
 24176 | Spider:3 | Noticed floatRand's illusion
 24178 | Spider:3 | Killed Mara
 24426 | Spider:3 | Noticed Azrael
 24435 | Spider:3 | Killed Azrael
 24594 | Spider:3 | Reached XP level 20. HP: 118/155 MP: 28/28
 25139 | Spider:4 | Entered Level 4 of the Spider Nest
 25255 | Spider:4 | Noticed Roxanne
 25290 | Spider:4 | Killed Roxanne
 25840 | Spider:4 | Reached skill level 17 in Stealth
 26853 | Spider:4 | Got a gossamer rune of Zot
 27188 | Vaults:1 | Entered Level 1 of the Vaults
 27826 | Vaults:1 | Reached XP level 21. HP: 137/164 MP: 29/29
 28065 | Vaults:1 | Identified the +5 scimitar of Fedhas's Esteem {speed, +Fly
                  | rN+}
 28470 | Vaults:1 | Reached skill level 10 in Charms
 28871 | Vaults:1 | Found a portal to a secret trove of treasure.
 29027 | Vaults:1 | Reached skill level 18 in Stealth
 29447 | Vaults:2 | Found a staircase to the Crypt.
 29455 | Vaults:2 | Noticed Aizul
 29472 | Vaults:2 | Killed Aizul
 30292 | Vaults:2 | Noticed Sojobo
 30343 | Vaults:2 | Killed Sojobo
 31301 | Vaults:2 | Found Vupeeph's Armour Shoppe.
 31617 | Vaults:2 | Reached XP level 22. HP: 142/173 MP: 30/30
 32618 | Elf:1    | Entered Level 1 of the Elven Halls
 32639 | Elf:1    | Found a radiant altar of Vehumet.
 32693 | Elf:1    | Reached skill level 15 in Fighting
 32824 | Elf:1    | Reached skill level 19 in Stealth
 32916 | Elf:1    | Found Sareluw's Book Shop.
 32989 | Elf:1    | Reached skill level 15 in Armour
 33805 | Elf:1    | Found a bloodstained altar of Trog.
 34208 | Elf:2    | Found Aheic's Antique Armour Shoppe.
 34612 | Elf:2    | Found a runed translucent gate.
 34612 | Elf:2    | Found a runed translucent gate.
 34612 | Elf:2    | Found a runed translucent gate.
 35377 | Elf:3    | Entered Level 3 of the Elven Halls
 35479 | Elf:3    | Found Saem's Magic Scroll Shop.
 35774 | Elf:3    | Reached XP level 23. HP: 175/182 MP: 31/31
 36049 | Elf:3    | Identified the cursed +1 great mace of Busheeh {drain,
                  | rElec Str+2 Int+2}
 36049 | Elf:3    | Identified the ring of Past Mistakes {Fire Int+5 Stlth-}
 36066 | Elf:3    | Identified the ring of Ekubiag {Slay+3 SInv}
 36129 | Elf:3    | Reached skill level 10 in Shields
 36130 | Elf:3    | Identified the +2 whip of Hacking and Slashing {slash,
                  | *Noise rElec rC+ MR+}
 36212 | Elf:3    | Identified the +4 rapier "Vyafahe" {freeze, +Blink rPois
                  | rC- MR+++}
 36212 | Elf:3    | Identified the +9 scale mail of Gozag's Whim {Str+2}
 36212 | Elf:3    | Identified the ring of the Peasants {+Fly Dex+2}
 36655 | Elf:3    | Reached skill level 20 in Stealth
 37001 | Elf:3    | Identified the +1 pair of boots of Duck's Teeth {Str+5}
                  | (You found it on level 3 of the Elven Halls)
 37063 | Elf:3    | Identified the +1 leather armour "Dohafank" {Stlth+}
 37076 | Elf:3    | Identified Sif Muna's Papyrus of the Glacial Volcanoes
 37237 | Elf:2    | Bought a transparent chain mail for 332 gold pieces
 37237 | Elf:2    | Bought a jewelled chain mail for 332 gold pieces
 37237 | Elf:2    | Bought a crude scale mail for 315 gold pieces
 37237 | Elf:2    | Identified the +8 chain mail "Wybefow" {+Inv MP-9 Str+4}
                  | (You bought it in a shop on level 2 of the Elven Halls)
 37238 | Elf:2    | Identified the +6 chain mail "Seirraym" {-Tele Str+10 Dex+4
                  | Stlth+} (You bought it in a shop on level 2 of the Elven
                  | Halls)
 37239 | Elf:2    | Identified the +2 scale mail "Xuameiba" {rC+ Str+2} (You
                  | bought it in a shop on level 2 of the Elven Halls)
 37527 | Vaults:2 | Noticed Jory
 37536 | Vaults:2 | Killed Jory
 38362 | Vaults:3 | Found Matab's Antique Armour Boutique.
 38365 | Vaults:3 | Bought a glowing shield for 165 gold pieces
 38478 | Vaults:3 | Bought a scorched chain mail for 209 gold pieces
 38478 | Vaults:3 | Identified the cursed +0 chain mail of Brilliance {Regen+
                  | Str+2} (You bought it in a shop on level 3 of the Vaults)
 39382 | Vaults:3 | Reached XP level 24. HP: 175/193 MP: 31/31
 39762 | Vaults:4 | Identified the Guide on Feathers
 40339 | Vaults:4 | Reached skill level 15 in Dodging
 41923 | Depths:1 | Entered Level 1 of the Depths
 41950 | Depths:1 | Reached skill level 21 in Stealth
 41997 | Depths:1 | Found a gateway to Hell.
 43963 | Depths:1 | Reached XP level 25. HP: 160/201 MP: 31/31
 44724 | Depths:2 | Found a runed translucent gate.
 44724 | Depths:2 | Found a runed translucent gate.
 44724 | Depths:2 | Found a runed translucent gate.
 44725 | Depths:2 | Noticed mortelune's ghost (legendary MiBe)
 45312 | Depths:3 | Found a one-way gate leading to the halls of Pandemonium.
 45589 | Depths:3 | Noticed Margery
 45602 | Depths:3 | Killed Margery
 46940 | Depths:3 | Noticed a caustic shrike
 46953 | Depths:3 | Killed a caustic shrike
 46967 | Depths:3 | Found a gateway to a ziggurat.
 47405 | Depths:3 | Noticed an ancient lich
 47418 | Depths:3 | Reached skill level 22 in Stealth
 47660 | Depths:3 | Killed an ancient lich
 47660 | Depths:3 | Reached XP level 26. HP: 211/211 MP: 31/31
 47694 | Depths:3 | Got a faintly humming large shield
 47695 | Depths:3 | Identified the +3 large shield "Duovisch" {+Inv rElec rCorr
                  | Int-5} (You acquired it on level 3 of the Depths)
 47979 | Depths:3 | Found a one-way gate to the infinite horrors of the Abyss.
 47997 | Depths:3 | Identified the +2 leather armour of the Game of Life {*Slow
                  | +Blink Regen+ SInv} (You found it on level 3 of the Depths)
 48505 | Depths:4 | Noticed Xtahua
 48518 | Depths:4 | HP: 5/213 [spriggan air mage/the air (22)]
 48526 | Depths:4 | HP: 6/213 [Xtahua/searing blast (13)]
 48528 | Depths:4 | Killed from afar by a fire dragon

Levels and vault maps discovered:
D:1:      wander_arrival_abandoned_jail, layout_basic
D:2:      layout_basic
D:3:      layout_rooms, portal_sewer_entry_b, due_unseen_surprise
D:4:      layout_basic, nicolae_overflow_hidden_temple, uniq_natasha
D:5:      layout_loops_ring, minmay_temple_entry_glass, first_ration
D:6:      layout_cave_pools, minitemple, serial_park, serial_park_square3
          [serial_park_minivault_5x5_5], serial_park_avenue1,
          serial_park_tiny_1, serial_park_square3 [serial_park_minivault_5x5_3],
          serial_park_square1 [serial_park_minivault_5x5_4], uniq_blork_the_orc,
          uniq_crazy_yiuf_cottage
D:7:      minmay_the_grid_triangle_9x9_rhombus_thin
          [minmay_the_grid_triangle_9x9_stretched_checkered,
          minmay_the_grid_triangle_9x9_prize_special,
          minmay_the_grid_triangle_9x9_subtriangle,
          minmay_the_grid_triangle_9x9_windchime], layout_cave_pools,
          uniq_prince_ribbit1, uniq_pikel
D:8:      layout_rooms, grunt_temple_overflow_holy_war, serial_shops, shop
D:9:      layout_irregular_city, erik_lair_orcish_takeover
D:10:     minmay_polygon_palace, layout_rooms, zombieorc2_lemuel
D:11:     layout_long_grid, serial_shops, bzr_entry_lakeside
D:12:     layout_loops_ring, blue_anna_alchemist [blue_anna_fruit_fields,
          blue_anna_fruit_fields]
D:13:     layout_roguey, erik_vaults_2, hangedman_abyss_or_decor_passed,
          due_unseen_surprise
D:14:     layout_cross, zin_angel, serial_shops, shop, nicolae_shop_statue_plus,
          enter_bailey_3
D:15:     gammafunk_depths_entry_grave, layout_rooms,
          chequers_serial_rivers_room_b, serial_shops, nicolae_shop_statue_plus
Temple:   eino_temple_rhombus
Lair:1:   layout_regular_city, beast_lair_carwin_8, infiniplex_staircase_pool,
          minmay_lair_oklob_chamber, grunt_megastairs_3
Lair:2:   layout_roguey, uniq_sonja
Lair:3:   layout_regular_city, minmay_shoals_entry_centaurs, dummy_spider_entry,
          uniq_snorg
Lair:4:   beast_lair_carwin_large_2, layout_gridlike, lemuel_fruit_fields
Lair:5:   layout_long_grid, st_stairs_11, nzn_random_ring
Lair:6:   minmay_lair_end_enchanted_forest, layout_big_grid, slime_altar_1,
          infiniplex_staircase_pool_2
Spider:1: layout_spider_delve, worms_lemuel, uniq_louise, uniq_nikola
Spider:2: layout_spider_delve, uniq_arachne
Spider:3: layout_chambers, uniq_azrael, uniq_mara
Spider:4: grunt_spider_rune_parallel, spiders_nest_ghost_moth_duel, uniq_roxanne
Orc:1:    layout_caves, ebering_ghost_inner_flame
Orc:2:    st_orc_open, layout_diamond_mine, serial_shops, nicolae_shop_stone
Elf:1:    eino_elf_arrival_altar, layout_geoelf_diagonals, serial_shops, shop,
          hangedman_elf_disciples, drop_trap, evilmike_spriggan_trog_shrine
Elf:2:    layout_geoelf_octagon, serial_shops, shop_statue,
          minmay_misc_feat_rows
Elf:3:    grunt_elf_hall_spiral, layout_onion_city, serial_shops,
          nicolae_shop_behind_doors
Vaults:1: vaults_standard_mumra_x, v_pattern_1, hangedman_vaults_stagger,
          ontoclasm_vaults_ring_small, grunt_vaults_funnel, vaults_dpeg_cross,
          st_lines, ontoclasm_vaults_spin, nicolae_vaults_mini_display_case,
          ontoclasm_vaults_hangar, nicolae_vaults_little_squares_4,
          vaults_room_semicircle, layout_vaults_ring,
          nicolae_trove_entry_crystal
Vaults:2: v_rooms_3, st_spiral_rooms, vaults_room_fancy_cross,
          minmay_crypt_entry_nasty_monster, hangedman_vaults_impose,
          nicolae_vaults_windows_and_doors_thing, layout_vaults_omnigrid,
          serial_shops, shop, uniq_jory, uniq_sojobo, uniq_aizul
Vaults:3: ontoclasm_vaults_pinch, nicolae_vaults_twisting_passages, v_misc_2,
          ontoclasm_vaults_ligature, v_alt_pattern_2,
          nicolae_vaults_network_square, v_misc_27,
          ontoclasm_vaults_loading_screen, nicolae_vaults_angled_halls,
          nicolae_vaults_yaktaur_gun_rack, vaults_room_large_hall,
          nicolae_vaults_rhombus_5, layout_vaults_omnicross, serial_shops,
          nicolae_shop_behind_doors
Vaults:4: st_cells, grunt_vaults_bifocal, v_alt_pattern_1,
          ontoclasm_vaults_ring_small, nicolae_vaults_circle_grid_b,
          vaults_dpeg_hooks, vaults_dpeg_encased_lava, v_misc_15,
          vaults_room_fours, hangedman_vaults_locks, v_misc_5, v_pattern_4,
          vaults_room_corners, dpeg_vaults_monster_box,
          layout_vaults_chaotic_city
Depths:1: layout_gridlike, grunt_hell_horde, hangedman_abyss_or_decor_slice,
          minmay_variable_closet, chequers_serial_rivers_small_b,
          minmay_guarded_unrand_curses, roderic_lattice_octagonal_star
Depths:2: grunt_twist_and_shout, layout_small_grid, hangedman_coc_ice_floe,
          minmay_misc_feat_columns, ebering_ghost_rock_garden,
          minmay_staircase_statues_hall_small
Depths:3: hangedman_pleasuredromes, hell_entry, abyss_entry, pan_entry,
          uniq_margery
Depths:4: hangedman_cross_stitches, layout_cave_pools, mu_enter_wizlab_6,
          pf_hell_entry_tar_river, minmay_misc_feat_more_columns, abyss_entry,
          minmay_staircase_windowed_large, uniq_xtahua, uniq_saint_roka

Skill      XL: |  1  2  3  4  5  6  7  8  9 10 11 12 13 14 15 16 17 18 19 20 21 22 23 24 25 |
---------------+----------------------------------------------------------------------------+-----
Shields        | 4 5 6 7 8 9 11 13 14 | 14.8
Axes           | 3 |  3.6
Fighting       | 4 5 6 8 9 10 11 12 13 14 15 16 17 18 | 18.4
Staves         | 1 3 4 6 7 9 11 12 13 14 | 14.1
Stealth        | 2 8 10 11 12 13 14 15 16 17 18 19 20 21 22 | 22.3
Evocations     | 1 4 6 7 8 9 10 | 10.7
Armour         | 6 7 9 10 11 12 13 14 15 16 17 18 | 18.3
Dodging        | 1 5 6 7 9 10 11 12 13 14 15 16 | 16.3
Charms         | 4 6 8 9 11 12 | 12.3
Air Magic      | 3 4 |  4.0
Spellcasting   | 2 4 |  4.0

Action                   |  1- 3 |  4- 6 |  7- 9 | 10-12 | 13-15 | 16-18 | 19-21 | 22-24 | 25-27 || total
-------------------------+-------+-------+-------+-------+-------+-------+-------+-------+-------++-------
Melee: War axe           |    97 |    41 |       |       |       |       |       |       |       ||   138
       Quarterstaff      |       |   165 |   389 |   478 |    52 |       |       |       |    13 ||  1097
       Unarmed           |       |       |     3 |       |       |       |       |       |       ||     3
       Lajatang          |       |       |       |   183 |  1017 |   572 |  1826 |  1709 |   691 ||  5998
Throw: Dart              |       |       |       |     3 |       |       |       |       |       ||     3
 Cast: Swiftness         |       |       |       |       |       |       |     2 |       |       ||     2
Invok: Lunge             |       |       |     8 |    32 |    64 |    26 |   103 |   112 |    32 ||   377
       Whirlwind         |       |       |     1 |    36 |    25 |    19 |   141 |    80 |    58 ||   360
 Abil: Dig               |       |     1 |     2 |     4 |     4 |     6 |    13 |    16 |     5 ||    51
Evoke: Wand              |       |       |       |     3 |     4 |       |       |     1 |     1 ||     9
  Use: Scroll            |       |     7 |     8 |    16 |    15 |     4 |     6 |    10 |     8 ||    74
       Potion            |       |       |     1 |     2 |       |     3 |    12 |     1 |     4 ||    23
 Stab: Sleeping          |       |       |       |       |    27 |    10 |    19 |    37 |    12 ||   105
       Distracted        |       |       |       |       |     5 |       |    10 |    11 |     6 ||    32
       Petrifying        |       |       |       |       |     1 |       |       |       |       ||     1
       Held in net/web   |       |       |       |       |       |       |     2 |       |       ||     2
  Eat: Chunk             |       |     3 |     6 |    12 |     8 |     7 |    19 |    23 |     7 ||    85
       Ration            |       |     1 |     2 |     2 |     5 |     1 |     6 |     7 |     3 ||    27
Armor: Scale mail        |    49 |    93 |    60 |       |       |       |       |       |       ||   202
       Plate armour      |       |       |   156 |   229 |     4 |       |       |       |       ||   389
       Skin              |       |       |     1 |       |       |       |       |       |       ||     1
       Troll leather arm |       |       |       |       |    17 |       |       |       |       ||    17
       Pearl dragon scal |       |       |       |       |    88 |    69 |   362 |   108 |       ||   627
       Chain mail        |       |       |       |       |       |       |       |   106 |    86 ||   192
Dodge: Dodged            |    40 |    77 |    97 |   109 |   272 |   186 |   834 |   603 |   234 ||  2452
Block: Shield            |    57 |   142 |   235 |   318 |   604 |   407 |  1312 |  1175 |   412 ||  4662
       Reflection        |       |       |       |       |    21 |    56 |    53 |   107 |    24 ||   261
       Large shield      |       |       |       |       |       |       |       |       |   183 ||   183

Table legend:
 A = Non-vault XP
 B = Vault XP
 C = Vault XP percentage of total XP
 D = Non-vault monster count
 E = Vault monster count
 F = Vault count percentage of total count
                 A         B        C        D         E       F
            +---------+---------+-------+---------+---------+-------
      Total |  464955 |  392638 |  45.8 |    1257 |     651 |  34.1
            +---------+---------+-------+---------+---------+-------
        D:1 |      53 |       0 |   0.0 |      27 |       0 |   0.0
        D:2 |     100 |       0 |   0.0 |      14 |       0 |   0.0
        D:3 |     149 |      20 |  11.8 |      13 |       6 |  31.6
        D:4 |     876 |      35 |   3.8 |      31 |       1 |   3.1
        D:5 |     583 |      64 |   9.9 |      21 |       2 |   8.7
        D:6 |    1164 |    1302 |  52.8 |      20 |       9 |  31.0
        D:7 |     787 |    1511 |  65.8 |      19 |      12 |  38.7
        D:8 |    1837 |       0 |   0.0 |      18 |       0 |   0.0
        D:9 |    4183 |     688 |  14.1 |      38 |      10 |  20.8
       D:10 |    2951 |    3070 |  51.0 |      22 |      50 |  69.4
       D:11 |    1825 |       0 |   0.0 |      19 |       0 |   0.0
       D:12 |    5342 |      97 |   1.8 |      40 |       1 |   2.4
       D:13 |    6354 |    7977 |  55.7 |      34 |       8 |  19.0
       D:14 |   12318 |       7 |   0.1 |      35 |       4 |  10.3
       D:15 |    9451 |    3907 |  29.2 |      30 |       8 |  21.1
     Lair:1 |    3299 |    2598 |  44.1 |      13 |      15 |  53.6
     Lair:2 |    6175 |     827 |  11.8 |      21 |       1 |   4.5
     Lair:3 |    2250 |    1520 |  40.3 |      12 |       5 |  29.4
     Lair:4 |   11221 |    1771 |  13.6 |      44 |       6 |  12.0
     Lair:5 |    6915 |    3409 |  33.0 |      27 |      13 |  32.5
     Lair:6 |   12702 |    9045 |  41.6 |      38 |      45 |  54.2
   Spider:1 |   16858 |    9516 |  36.1 |      55 |      12 |  17.9
   Spider:2 |    8450 |    3240 |  27.7 |      25 |       1 |   3.8
   Spider:3 |   16374 |    9646 |  37.1 |      33 |       6 |  15.4
   Spider:4 |   13709 |   30565 |  69.0 |      45 |      57 |  55.9
      Orc:1 |    6062 |    1738 |  22.3 |      39 |       2 |   4.9
      Orc:2 |    3260 |   15775 |  82.9 |      35 |      37 |  51.4
      Elf:1 |   22572 |   12661 |  35.9 |      36 |      20 |  35.7
      Elf:2 |   24431 |    1799 |   6.9 |      39 |       2 |   4.9
      Elf:3 |   21450 |   49687 |  69.8 |      33 |      35 |  51.5
   Vaults:1 |   32153 |   27292 |  45.9 |      67 |      38 |  36.2
   Vaults:2 |   45722 |   31253 |  40.6 |      64 |      25 |  28.1
   Vaults:3 |   33547 |   13792 |  29.1 |      53 |      17 |  24.3
   Vaults:4 |   45960 |   17928 |  28.1 |      79 |      32 |  28.8
   Depths:1 |   40392 |    5215 |  11.4 |      64 |      18 |  22.0
   Depths:2 |   17401 |    4273 |  19.7 |      18 |       5 |  21.7
   Depths:3 |    2956 |  117730 |  97.6 |      11 |      98 |  89.9
   Depths:4 |   23123 |       0 |   0.0 |      25 |       0 |   0.0
      Sewer |       0 |     630 | 100.0 |       0 |      29 | 100.0
     Bailey |       0 |    2050 | 100.0 |       0 |      21 | 100.0
            +---------+---------+-------+---------+---------+-------
